 Dungeon Crawl Stone Soup version 0.30-a0-225-g04c3547f4f (webtiles) character file.

Game seed: 1496308935047683509

10586 qw the Cleaver (level 11, -10/69 HPs)
             Began as a Gargoyle Fighter on Oct 9, 2022.
             Was a High Priest of Okawaru.
             Mangled by Lodul
             ... wielding a +0 dire flail
              (15 damage)
             ... on level 10 of the Dungeon.
             The game lasted 00:03:50 (8266 turns).

qw the Cleaver (Gargoyle Fighter)                   Turns: 8266, Time: 00:03:50

Health: -10/69     AC: 32    Str: 24    XL:     11   Next: 64%
Magic:  16/16      EV:  9    Int:  6    God:    Okawaru [*****.]
Gold:   269        SH: 12    Dex: 15    Spells: 10/10 levels left

rFire   + . .      SeeInvis .    c - +4 war axe
rCold   . . .      Faith    .    p - +0 kite shield
rNeg    + + .      Spirit   .    m - +5 plate armour
rPois   inf        Reflect  .    (no helmet)
rElec   +          Harm     .    f - +2 cloak
rCorr   .          Rampage  .    (no gloves)
Will    .....                    (no boots)
Stlth   ..........               k - amulet of Focuvas {rF+ rN+ Regen+ Int-3}
HPRegen 1.11/turn                a - +6 ring of dexterity
MPRegen 0.15/turn                (no ring)

@: about to teleport, heroic, slowed, very slow
A: sickness immunity, AC +8, negative energy resistance 1, electricity
resistance, torment resistance 1, petrification resistance
a: Renounce Religion, Heroism, Finesse, Duel


You were on level 10 of the Dungeon.
You worshipped Okawaru.
Okawaru was extremely pleased with you.
You visited 2 branches of the dungeon, and saw 11 of its levels.

You collected 582 gold pieces.
You spent 313 gold pieces at shops.


Innate Abilities, Weirdness & Mutations

You are immune to sickness and miasma.
Your stone body is resilient. (AC +8)
You are immune to poison.
You resist negative energy. (rN+)
You are resistant to electric shocks. (rElec)
You are resistant to unholy torment.
You are immune to petrification.


   Skills:
 - Level 8.5(13.5) Fighting
 - Level 11.1(16.1) Axes
 - Level 2.0(7.0) Throwing
 - Level 7.4(12.4) Armour
 - Level 2.4(7.4) Dodging
 + Level 7.0(12.0) Shields
 + Level 7.6 Invocations


You had 10 spell levels left.
You didn't know any spells.
Your spell library was empty.

Inventory:

Hand Weapons
 c - a +4 war axe (weapon)
 r - a +0 flail
Missiles
 s - a javelin (quivered)
 u - 9 boomerangs
Armour
 f - a +2 cloak (worn)
 m - a +5 plate armour (worn)
 p - a +0 kite shield (worn)
Jewellery
 a - a +6 ring of dexterity (left hand)
 k - the amulet of Focuvas (around neck) {rF+ rN+ Regen+ Int-3}
   (You found it on level 7 of the Dungeon)

   [amulet of regeneration]

   Int:       It affects your intelligence (-3).
   rF:        It protects you from fire.
   rN:        It protects you from negative energy.
   Regen:     It increases your rate of health regeneration.
 o - a ring of fire
 v - the ring of Winter {rPois rC- rN+ Int+6 Slay+3}
   (You found it on level 10 of the Dungeon)

   [ring of intelligence]

   Int:       It affects your intelligence (+6).
   Slay:      It affects your accuracy & damage with ranged weapons and melee
   (+3).
   rC:        It makes you vulnerable to cold.
   rPois:     It protects you from poison.
   rN:        It protects you from negative energy.
Wands
 j - a wand of digging (6)
Scrolls
 b - a scroll of teleportation
 g - a scroll of identify
Potions
 d - 2 potions of might
 e - 5 potions of lignification
 h - a potion of resistance
 i - a potion of magic
 l - 2 potions of attraction
 n - a potion of curing
 q - a potion of haste
 t - 2 potions of heal wounds

Dungeon Overview and Level Annotations

Branches:
Dungeon (10/15)            Temple (1/1) D:5             Orc (0/2) D:9
   Lair: D:8-11

Altars:
Ashenzari
Cheibriados
Dithmenos
Elyvilon
Fedhas
Gozag
Hepliaklqana
Kikubaaqudgha
Makhleb
Nemelex Xobeh
Okawaru
Qazlal
Ru
Sif Muna
Trog
Uskayaw
Vehumet
Wu Jian
Xom
Yredelemnul
Zin
The Shining One

Shops:
D:2 =   D:3 *   D:4 (   D:9 [*

Annotations:
D:10 Lodul


Message History

You slash the ogre!
You kill the ogre!
Okawaru accepts your kill. Okawaru grants you throwing weapons!
Something appears at your feet!
You slash Lodul! You slash the ogre! You block the ogre's attack.
You hit the ogre.
The ogre is severely wounded.
You hit the ogre. You hit Lodul. The ogre hits you but does no damage.
You block Lodul's attack.
The howler monkey hoots and howls with incredible vigour!
You block the ogre's attack.
You hear a bellow! x3
You slash the ogre!
You kill the ogre!
Okawaru accepts your kill.
You slash Lodul! You barely miss the ogre. The ogre barely misses you.
Lodul hits you but does no damage.
Your base Shields skill increases to level 7!
You hit Lodul.
Lodul is moderately wounded.
You slash the howler monkey! You hit the ogre.
You block the howler monkey's attack. The ogre hits you but does no damage.
Lodul hits you with a +0 dire flail!
The howler monkey hoots and howls with incredible vigour!
The howler monkey hits you.
You hear a bellow!
You hear a howl! x3
You closely miss the howler monkey.
The howler monkey is heavily wounded.
You completely miss the ogre. You barely miss Lodul.
The howler monkey hoots and howls with incredible vigour!
You block the howler monkey's attack. Lodul hits you with a +0 dire flail!
You block the ogre's attack.
You hear a bellow! x2
8266 ||| READING 2 scrolls of teleportation.
As you read the scroll of teleportation, it crumbles to dust.
You feel strangely unstable. The howler monkey hits you.
The howler monkey hoots and howls with incredible vigour!
Lodul hits you with a +0 dire flail!
You die...

#..### #....###..#
....##((## ...?......#
#......... .#..##...##
##.........
###)####..####..........
#.......#.............
#..##.........h.......
##.## #..##..)hO.....#
##..# ##..# #.)@O# ...##
#...###..)##
....####....##.[.##
..#..##..#..##.>..###.
.###..#.###..#........ .
##...# #...........#
........# ##..........#
.......## #.........##
#....... #.........#


You could see Lodul, an ogre and 2 howler monkeys.

Vanquished Creatures
  Harold (D:9)
  Urug (D:10)
  A tengu warrior (D:10)
  A cyclops (D:9)
  A komodo dragon (D:10)
  A queen bee (D:9)
  2 hornets
  3 slime creatures (D:7)
  2 wyverns
  6 yaks (D:8)
  A wraith (D:10)
  2 steam dragons
  Grum (D:10)
  An acid dragon (D:9)
  A sky beast (D:7)
  A black bear (D:6)
  4 orc warriors
  12 ogres
  5 centaurs
  4 wolves (D:10)
  A phantom (D:4)
  A kobold brigand (D:5)
  4 bullfrogs
  A necrophage (D:6)
  A gnoll sergeant (D:6)
  A scorpion (D:7)
  8 wights
  28 killer bees
  4 hounds
  A jelly (D:5)
  3 orc priests
  6 orc wizards
  An iguana (D:5)
  5 gnolls (D:6)
  9 adders
  4 shadow imps
  4 white imps
  3 dart slugs (D:1)
  42 orcs
  5 ball pythons
  4 bats
  3 endoplasms
  A giant cockroach (D:1)
  A goblin (D:4)
  8 hobgoblins
  6 jackals
  2 quokkas
  3 training dummies (D:4)
  A frilled lizard (D:1)
  5 kobolds
  5 rats
222 creatures vanquished.

Vanquished Creatures (others)
  19 fungi (D:4)
19 creatures vanquished.

Grand Total: 241 creatures vanquished

Notes
Turn   | Place    | Note
-------+----------+-------------------------------------------
     0 | D:1      | qw the Gargoyle Fighter began the quest for the Orb.
     0 | D:1      | Reached XP level 1. HP: 14/14 MP: 1/1
     0 | D:1      | 0 ||| qw: Version: 0.2-a-17-g06abaee
     0 | D:1      | 0 ||| qw: Game counter: 2295
     0 | D:1      | 0 ||| qw: Always use a shield: true
     0 | D:1      | 0 ||| qw: God list: Okawaru
     0 | D:1      | 0 ||| qw: Allow faded altars: false
     0 | D:1      | 0 ||| qw: Do Orc after D:15 true
     0 | D:1      | 0 ||| qw: Do second Lair branch before Depths: true
     0 | D:1      | 0 ||| qw: Lair rune preference: random
     0 | D:1      | 0 ||| qw: Plans: Normal, Zot:1-4, God:TSO, Crypt, Tomb,
                  | Pan, Slime:5, Hells, Abyss, Orb
     0 | D:1      | 0 ||| PLANNING D:1-11
    38 | D:1      | Reached skill level 2 in Axes
   106 | D:1      | Reached XP level 2. HP: 19/19 MP: 2/2
   173 | D:1      | 173 ||| Stepping ~*~*~tactically~*~*~ (hiding).
   515 | D:1      | 515 ||| Stepping ~*~*~tactically~*~*~ (hiding).
   738 | D:1      | 738 ||| DROPPING amulet of faith.
   739 | D:1      | 739 ||| DROPPING +6 ring of intelligence.
   740 | D:1      | 740 ||| READING 2 scrolls labelled WOFUAZOMIR.
   741 | D:1      | 741 ||| READING 2 scrolls labelled MAACHUFOKU.
   742 | D:1      | 742 ||| DROPPING scroll of poison.
   818 | D:2      | Found a faded altar of an unknown god.
   822 | D:2      | 822 ||| Stepping ~*~*~tactically~*~*~ (stealth).
   824 | D:2      | Reached skill level 3 in Axes
   824 | D:2      | Reached XP level 3. HP: 23/23 MP: 3/3
   860 | D:2      | 860 ||| Stepping ~*~*~tactically~*~*~ (stealth).
   874 | D:2      | 874 ||| Stepping ~*~*~tactically~*~*~ (stealth).
   892 | D:2      | 892 ||| Stepping ~*~*~tactically~*~*~ (stealth).
   894 | D:2      | 894 ||| Stepping ~*~*~tactically~*~*~ (stealth).
  1019 | D:2      | Reached XP level 4. HP: 24/28 MP: 4/4
  1035 | D:2      | Found Vainianaixt's Jewellery Shoppe.
  1052 | D:2      | 1052 ||| SHOPLISTING +4 ring of evasion (360 gold, have
                  | 115).
  1052 | D:2      | 1052 ||| SHOPLISTING amulet of reflection (300 gold, have
                  | 115).
  1052 | D:2      | 1052 ||| SHOPLISTING amulet of the acrobat (300 gold, have
                  | 115).
  1052 | D:2      | 1052 ||| SHOPLISTING ring of protection from cold (250
                  | gold, have 115).
  1052 | D:2      | 1052 ||| SHOPLISTING ring of willpower (250 gold, have
                  | 115).
  1165 | D:2      | 1165 ||| Stepping ~*~*~tactically~*~*~ (stealth).
  1206 | D:2      | Reached skill level 4 in Axes
  1274 | D:2      | Found the +7 Throatcutter {drain, coup de grace}
  1364 | D:2      | 1364 ||| UPGRADING to +6 ring of dexterity.
  1365 | D:2      | 1365 ||| DROPPING ring of wizardry.
  1366 | D:2      | 1366 ||| READING scroll labelled ANUDIFE QIZXOMIE.
  1367 | D:2      | 1367 ||| READING scroll labelled CUHYSE NASIAT.
  1389 | D:3      | 1389 ||| STAIRDANCE
  1553 | D:3      | Found Garef's Assorted Antiques.
  1558 | D:3      | 1558 ||| BUYING blue potion (21 gold).
  1558 | D:3      | Bought a blue potion for 21 gold pieces
  1558 | D:3      | 1558 ||| BUYING fuming white potion (21 gold).
  1558 | D:3      | Bought a fuming white potion for 21 gold pieces
  1558 | D:3      | 1558 ||| BUYING fuming white potion (21 gold).
  1558 | D:3      | Bought a fuming white potion for 21 gold pieces
  1558 | D:3      | 1558 ||| BUYING glowing leather armour (120 gold).
  1558 | D:3      | Bought a glowing leather armour for 120 gold pieces
  1558 | D:3      | 1558 ||| SHOPLISTING scroll labelled HULETITSAI (24 gold,
                  | have 6).
  1558 | D:3      | 1558 ||| SHOPLISTING scroll of identify (48 gold, have 6).
  1570 | D:3      | Found a stormy altar of Qazlal.
  1714 | D:3      | Found a white marble altar of Elyvilon.
  1714 | D:3      | Found a glowing golden altar of the Shining One.
  1715 | D:3      | Found a glowing silver altar of Zin.
  1757 | D:3      | 1757 ||| Stepping ~*~*~tactically~*~*~ (hiding).
  1772 | D:3      | Reached skill level 1 in Dodging
  1776 | D:3      | 1776 ||| FLEEEEING.
  1944 | D:3      | Reached XP level 5. HP: 32/32 MP: 5/5
  1959 | D:3      | Found a hazy altar of Hepliaklqana.
  1960 | D:3      | Found a shimmering altar of Xom.
  1961 | D:3      | Noticed a spectral ugly thing
  2060 | D:3      | 2060 ||| DROPPING +0 leather armour of willpower.
  2061 | D:3      | 2061 ||| READING scroll labelled POGASENTAEHY.
  2062 | D:3      | 2062 ||| READING scroll labelled FUNIUX FINI.
  2067 | D:3      | 2067 ||| DRINKING 2 emerald potions.
  2168 | D:3      | 2168 ||| DRINKING 2 red potions.
  2169 | D:3      | 2169 ||| DRINKING 2 fuming white potions.
  2170 | D:3      | 2170 ||| READING 2 scrolls of identify.
  2170 | D:3      | 2170 ||| IDENTIFYING pink potion
  2171 | D:3      | 2171 ||| DROPPING potion of ambrosia.
  2172 | D:3      | 2172 ||| DROPPING potion of brilliance.
  2358 | D:4      | Noticed a centaur
  2370 | D:4      | Killed a centaur
  2371 | D:4      | Reached skill level 5 in Axes
  2419 | D:4      | 2419 ||| Stepping ~*~*~tactically~*~*~ (stealth).
  2435 | D:4      | Reached XP level 6. HP: 33/38 MP: 6/6
  2505 | D:4      | Found Gesuod's Firing Range.
  2700 | D:4      | HP: 7/38 [ogre/+0 giant club (22)]
  2701 | D:4      | 2701 ||| DRINKING potion of heal wounds.
  3041 | D:4      | Found a sparkling altar of Nemelex Xobeh.
  3274 | D:4      | Reached XP level 7. HP: 44/44 MP: 7/7
  3422 | D:4      | 3422 ||| UPGRADING to +0 plate armour.
  3432 | D:4      | 3432 ||| DROPPING +0 scale mail.
  3433 | D:4      | 3433 ||| READING 3 scrolls of enchant armour.
  3433 | D:4      | 3433 ||| ENCHANTING +0 plate armour.
  3434 | D:4      | 3434 ||| READING 2 scrolls of enchant armour.
  3434 | D:4      | 3434 ||| ENCHANTING +1 plate armour.
  3435 | D:4      | 3435 ||| READING scroll of enchant armour.
  3435 | D:4      | 3435 ||| ENCHANTING +2 plate armour.
  3436 | D:4      | 3436 ||| READING scroll labelled BECSIR HOYNT.
  3437 | D:4      | 3437 ||| READING scroll labelled JYUN POYSAFEDGH.
  3538 | D:4      | 3538 ||| READING 2 scrolls of identify.
  3538 | D:4      | 3538 ||| IDENTIFYING dark potion
  3539 | D:4      | 3539 ||| DROPPING potion of berserk rage.
  3564 | D:5      | Entered Level 5 of the Dungeon
  3635 | D:5      | 3635 ||| Stepping ~*~*~tactically~*~*~ (stealth).
  3650 | D:5      | 3650 ||| READING scroll of enchant armour.
  3650 | D:5      | 3650 ||| ENCHANTING +3 plate armour.
  3663 | D:5      | Found a broken altar of Ashenzari.
  3736 | D:5      | Found a staircase to the Ecumenical Temple.
  3737 | D:5      | 3737 ||| PLANNING TEMPLE
  3737 | D:5      | 3737 ||| DRINKING 2 smoky pink potions.
  3738 | D:5      | 3738 ||| DRINKING 2 lumpy grey potions.
  3745 | Temple   | Entered the Ecumenical Temple
  3771 | Temple   | 3771 ||| PLANNING OKAWARU WORSHIP
  3790 | Temple   | Became a worshipper of Warmaster Okawaru
  3791 | Temple   | 3791 ||| PLANNING D:1-11
  3821 | D:5      | 3821 ||| Stepping ~*~*~tactically~*~*~ (hiding).
  3825 | D:5      | 3825 ||| Stepping ~*~*~tactically~*~*~ (hiding).
  3826 | D:5      | 3826 ||| Stepping ~*~*~tactically~*~*~ (hiding).
  3827 | D:5      | 3827 ||| Stepping ~*~*~tactically~*~*~ (hiding).
  3829 | D:5      | 3829 ||| Stepping ~*~*~tactically~*~*~ (hiding).
  3832 | D:5      | Reached skill level 6 in Axes
  3982 | D:5      | Found a shadowy altar of Dithmenos.
  4046 | D:5      | 4046 ||| DROPPING +0 whip of electrocution.
  4313 | D:6      | Identified the +5 ring mail "Vetio" {rN+}
  4393 | D:6      | Reached skill level 7 in Axes
  4393 | D:6      | Reached XP level 8. HP: 48/48 MP: 8/8
  4452 | D:6      | 4452 ||| Stepping ~*~*~tactically~*~*~ (stealth).
  4518 | D:6      | Identified the +9 quarterstaff "Jaguxy" {vorpal, rN+ Dex+6}
  4519 | D:6      | 4519 ||| FLEEEEING.
  4561 | D:6      | 4561 ||| Stepping ~*~*~tactically~*~*~ (hiding).
  4562 | D:6      | 4562 ||| Stepping ~*~*~tactically~*~*~ (hiding).
  4577 | D:6      | Reached * piety under Okawaru
  4578 | D:6      | 4578 ||| FLEEEEING.
  4580 | D:6      | 4580 ||| FLEEEEING.
  4581 | D:6      | 4581 ||| FLEEEEING.
  4582 | D:6      | 4582 ||| FLEEEEING.
  4583 | D:6      | 4583 ||| FLEEEEING.
  4584 | D:6      | 4584 ||| FLEEEEING.
  4586 | D:6      | 4586 ||| FLEEEEING.
  4587 | D:6      | 4587 ||| FLEEEEING.
  4588 | D:6      | 4588 ||| STAIRDANCE
  4687 | D:5      | 4687 ||| DRINKING 2 golden potions.
  4688 | D:5      | 4688 ||| READING 3 scrolls of identify.
  4688 | D:5      | 4688 ||| IDENTIFYING blue potion
  4689 | D:5      | 4689 ||| READING 2 scrolls of identify.
  4689 | D:5      | 4689 ||| IDENTIFYING silvery potion
  4690 | D:5      | 4690 ||| DROPPING potion of invisibility.
  4691 | D:5      | 4691 ||| DROPPING potion of flight.
  4694 | D:6      | 4694 ||| INVOKING Heroism.
  4699 | D:6      | Reached skill level 1 in Invocations
  4721 | D:6      | 4721 ||| STAIRDANCE
  4802 | D:6      | 4802 ||| Stepping ~*~*~tactically~*~*~ (stealth).
  4803 | D:6      | 4803 ||| Stepping ~*~*~tactically~*~*~ (stealth).
  4805 | D:6      | 4805 ||| INVOKING Heroism.
  4812 | D:6      | 4812 ||| DRINKING potion of curing.
  4812 | D:6      | 4812 ||| (to cure confusion)
  4938 | D:6      | 4938 ||| Stepping ~*~*~tactically~*~*~ (cloud).
  4965 | D:6      | Found a shimmering blue altar of Sif Muna.
  5028 | D:6      | 5028 ||| INVOKING Heroism.
  5042 | D:6      | 5042 ||| Stepping ~*~*~tactically~*~*~ (stealth).
  5043 | D:6      | 5043 ||| Stepping ~*~*~tactically~*~*~ (stealth).
  5044 | D:6      | 5044 ||| Stepping ~*~*~tactically~*~*~ (stealth).
  5075 | D:6      | 5075 ||| INVOKING Heroism.
  5076 | D:6      | 5076 ||| Stepping ~*~*~tactically~*~*~ (hiding).
  5090 | D:6      | 5090 ||| Stepping ~*~*~tactically~*~*~ (hiding).
  5223 | D:6      | 5223 ||| Stepping ~*~*~tactically~*~*~ (hiding).
  5227 | D:6      | 5227 ||| INVOKING Heroism.
  5233 | D:6      | Reached skill level 3 in Invocations
  5303 | D:6      | 5303 ||| UPGRADING to +2 cloak.
  5308 | D:6      | 5308 ||| READING scroll labelled HULETITSAI.
  5344 | D:7      | Found an ornate altar of the Wu Jian Council.
  5348 | D:7      | 5348 ||| INVOKING Heroism.
  5438 | D:7      | 5438 ||| INVOKING Heroism.
  5441 | D:7      | Reached skill level 8 in Axes
  5441 | D:7      | Reached XP level 9. HP: 54/54 MP: 9/12
  5457 | D:7      | 5457 ||| INVOKING Heroism.
  5459 | D:7      | Reached skill level 6 in Fighting
  5544 | D:7      | 5544 ||| Stepping ~*~*~tactically~*~*~ (stealth).
  5546 | D:7      | 5546 ||| Stepping ~*~*~tactically~*~*~ (stealth).
  5548 | D:7      | 5548 ||| Stepping ~*~*~tactically~*~*~ (hiding).
  5556 | D:7      | 5556 ||| INVOKING Heroism.
  5569 | D:7      | Reached ** piety under Okawaru
  5722 | D:7      | Reached skill level 9 in Axes
  5722 | D:7      | 5722 ||| Stepping ~*~*~tactically~*~*~ (stealth).
  5738 | D:7      | 5738 ||| Stepping ~*~*~tactically~*~*~ (hiding).
  5739 | D:7      | 5739 ||| Stepping ~*~*~tactically~*~*~ (hiding).
  5740 | D:7      | 5740 ||| Stepping ~*~*~tactically~*~*~ (hiding).
  5742 | D:7      | 5742 ||| Stepping ~*~*~tactically~*~*~ (hiding).
  5855 | D:7      | Identified the +4 dagger of the Feather {holy, rElec SInv}
  5877 | D:7      | Identified the amulet of Focuvas {rF+ rN+ Regen+ Int-3}
  5936 | D:7      | 5936 ||| Stepping ~*~*~tactically~*~*~ (hiding).
  5937 | D:7      | 5937 ||| Stepping ~*~*~tactically~*~*~ (hiding).
  6123 | D:7      | Noticed a hornet
  6131 | D:7      | 6131 ||| INVOKING Heroism.
  6132 | D:7      | Killed a hornet
  6286 | D:7      | 6286 ||| UPGRADING to amulet of the acrobat.
  6291 | D:7      | 6291 ||| UPGRADING to amulet of Focuvas {rF+ rN+ Regen+
                  | Int-3}.
  6301 | D:7      | 6301 ||| DROPPING amulet of the acrobat.
  6302 | D:7      | 6302 ||| READING scroll labelled NEOBAPRUUZ.
  6303 | D:7      | 6303 ||| READING scroll labelled DIUFRI BISUI.
  6335 | D:8      | 6335 ||| INVOKING Heroism.
  6343 | D:8      | Reached skill level 6 in Armour
  6347 | D:8      | Reached XP level 10. HP: 63/63 MP: 11/13
  6355 | D:8      | 6355 ||| Stepping ~*~*~tactically~*~*~ (stealth).
  6364 | D:8      | 6364 ||| INVOKING Heroism.
  6372 | D:8      | Reached *** piety under Okawaru
  6373 | D:8      | Reached skill level 10 in Axes
  6380 | D:8      | Received a gift from Okawaru
  6510 | D:8      | 6510 ||| READING scroll of enchant armour.
  6510 | D:8      | 6510 ||| ENCHANTING +4 plate armour.
  6598 | D:8      | Found a blossoming altar of Fedhas.
  6605 | D:8      | 6605 ||| Stepping ~*~*~tactically~*~*~ (hiding).
  6607 | D:8      | 6607 ||| Stepping ~*~*~tactically~*~*~ (hiding).
  6614 | D:8      | 6614 ||| DRINKING 2 potions of curing.
  6614 | D:8      | 6614 ||| (to cure confusion)
  6647 | D:8      | 6647 ||| INVOKING Heroism.
  6887 | D:9      | Found an opulent altar of Gozag.
  6893 | D:9      | Found Gozag's Platinum Reserve.
  6902 | D:9      | 6902 ||| SHOPLISTING +12 whip "Juxtoido" {vorpal, rElec
                  | Str+3} (8400 gold, have 256).
  6902 | D:9      | 6902 ||| SHOPLISTING ring of Lism {rN+ SInv} (2620 gold,
                  | have 256).
  6911 | D:9      | 6911 ||| Stepping ~*~*~tactically~*~*~ (hiding).
  6912 | D:9      | 6912 ||| Stepping ~*~*~tactically~*~*~ (hiding).
  6932 | D:9      | 6932 ||| Stepping ~*~*~tactically~*~*~ (hiding).
  6973 | D:9      | 6973 ||| INVOKING Heroism.
  7043 | D:9      | 7043 ||| INVOKING Heroism.
  7063 | D:9      | Reached skill level 11 in Axes
  7111 | D:9      | Reached **** piety under Okawaru
  7250 | D:9      | Noticed Harold
  7251 | D:9      | 7251 ||| FLEEEEING.
  7252 | D:9      | 7252 ||| FLEEEEING.
  7254 | D:9      | 7254 ||| FLEEEEING.
  7255 | D:9      | 7255 ||| FLEEEEING.
  7256 | D:9      | 7256 ||| FLEEEEING.
  7257 | D:9      | 7257 ||| FLEEEEING.
  7259 | D:9      | 7259 ||| FLEEEEING.
  7261 | D:9      | 7261 ||| FLEEEEING.
  7262 | D:9      | 7262 ||| FLEEEEING.
  7263 | D:9      | 7263 ||| FLEEEEING.
  7265 | D:9      | 7265 ||| FLEEEEING.
  7268 | D:9      | 7268 ||| FLEEEEING.
  7269 | D:9      | 7269 ||| FLEEEEING.
  7270 | D:9      | 7270 ||| FLEEEEING.
  7271 | D:9      | 7271 ||| Stepping ~*~*~tactically~*~*~ (hiding).
  7272 | D:9      | 7272 ||| INVOKING Heroism.
  7286 | D:9      | Killed Harold
  7287 | D:9      | Reached XP level 11. HP: 56/68 MP: 12/14
  7406 | D:9      | Noticed a cyclops
  7407 | D:9      | 7407 ||| INVOKING Heroism.
  7412 | D:9      | 7412 ||| Stepping ~*~*~tactically~*~*~ (stealth).
  7421 | D:9      | Killed a cyclops
  7538 | D:9      | Found Rurusiukk's Antique Armour Shop.
  7604 | D:9      | 7604 ||| DROPPING ring of magical power.
  7605 | D:9      | 7605 ||| READING scroll labelled ERRIKU ROEPNOHA.
  7606 | D:9      | 7606 ||| READING 3 scrolls of identify.
  7606 | D:9      | 7606 ||| IDENTIFYING coppery potion
  7607 | D:9      | 7607 ||| READING 2 scrolls of identify.
  7607 | D:9      | 7607 ||| IDENTIFYING fizzy silvery potion
  7608 | D:9      | 7608 ||| Stepping randomly (stuck).
  7612 | D:9      | 7612 ||| Stepping randomly (stuck).
  7614 | D:9      | 7614 ||| Stepping randomly (stuck).
  7615 | D:9      | 7615 ||| Stepping randomly (stuck).
  7616 | D:9      | 7616 ||| Stepping randomly (stuck).
  7617 | D:9      | 7617 ||| Stepping randomly (stuck).
  7619 | D:9      | 7619 ||| INVOKING Heroism.
  7643 | D:9      | 7643 ||| BUYING kite shield (130 gold).
  7643 | D:9      | Bought a kite shield for 130 gold pieces
  7643 | D:9      | 7643 ||| SHOPLISTING pair of jewelled boots (275 gold, have
                  | 176).
  7643 | D:9      | 7643 ||| SHOPLISTING shiny plate armour (754 gold, have
                  | 176).
  7739 | D:9      | 7739 ||| Stepping ~*~*~tactically~*~*~ (hiding).
  7741 | D:9      | 7741 ||| Stepping ~*~*~tactically~*~*~ (stealth).
  7745 | D:9      | 7745 ||| Stepping ~*~*~tactically~*~*~ (hiding).
  7751 | D:9      | 7751 ||| INVOKING Heroism.
  7770 | D:9      | 7770 ||| Stepping ~*~*~tactically~*~*~ (stealth).
  7783 | D:9      | 7783 ||| INVOKING Heroism.
  7819 | D:9      | Found a staircase to the Orcish Mines.
  7930 | D:9      | 7930 ||| UPGRADING to +0 kite shield.
  7940 | D:9      | 7940 ||| DROPPING +0 buckler.
  7983 | D:10     | Entered Level 10 of the Dungeon
  7986 | D:10     | Found an ancient bone altar of Kikubaaqudgha.
  8058 | D:10     | 8058 ||| Stepping ~*~*~tactically~*~*~ (hiding).
  8060 | D:10     | 8060 ||| Stepping ~*~*~tactically~*~*~ (hiding).
  8071 | D:10     | Reached skill level 6 in Invocations
  8090 | D:10     | Noticed Grum
  8090 | D:10     | 8090 ||| Stepping ~*~*~tactically~*~*~ (stealth).
  8095 | D:10     | 8095 ||| INVOKING Heroism.
  8098 | D:10     | Noticed Urug
  8105 | D:10     | Killed Grum
  8119 | D:10     | 8119 ||| Stepping ~*~*~tactically~*~*~ (stealth).
  8134 | D:10     | 8134 ||| INVOKING Heroism.
  8136 | D:10     | Killed Urug
  8156 | D:10     | 8156 ||| SWAPPING to +4 war axe.
  8157 | D:10     | 8157 ||| DROPPING +1 war axe.
  8175 | D:10     | Identified the ring of Winter {rPois rC- rN+ Int+6 Slay+3}
  8181 | D:10     | Noticed a tengu warrior
  8196 | D:10     | Killed a tengu warrior
  8196 | D:10     | Reached ***** piety under Okawaru
  8197 | D:10     | Reached skill level 6 in Shields
  8201 | D:10     | 8201 ||| INVOKING Heroism.
  8249 | D:10     | 8249 ||| INVOKING Heroism.
  8249 | D:10     | Noticed Lodul
  8261 | D:10     | Received a gift from Okawaru
  8265 | D:10     | HP: 9/69 [Lodul/+0 dire flail (13)]
  8266 | D:10     | 8266 ||| READING 2 scrolls of teleportation.
  8266 | D:10     | Mangled by Lodul

Levels and vault maps discovered:
D:1:      amcnicky_arrival_flooded_fountain, layout_rooms, nrook_mini_backslash
D:2:      layout_rooms, nicolae_ecumenical_snake_handling, serial_shops, shop
D:3:      layout_basic, regret_index_temple_of_mockery, good_gods_temple_1,
          mainiacjoe_overflow_alcove_1, serial_shops, shop
D:4:      layout_loops_corners, nemelex_dance_club_becter, serial_aquarium,
          aquarium_bridge_square [aquarium_subvault_bridge,
          aquarium_subvault_bridge, aquarium_subvault_wall,
          aquarium_subvault_window], aquarium_window_corridor_1,
          aquarium_window_1, aquarium_view_2a, aquarium_view_2e,
          aquarium_balcony_3a, aquarium_pool_corner, nicolae_shop_firing_range
D:5:      layout_cave_pools, grunt_dithmenos_smoke_and_mirrors,
          evilmike_ruin_ashenzari, minmay_temple_entry_arrows, serial_rivers,
          chequers_serial_rivers_micro_b, chequers_serial_rivers_small_b,
          chequers_serial_rivers_room_a, chequers_serial_rivers_micro_a,
          chequers_serial_rivers_micro_c
D:6:      layout_cave_pools, tgw_sif, minmay_misc_feat_alley, grunt_ministairs_8
D:7:      layout_basic, nicolae_wu_jian_wuxing_cycle
D:8:      layout_cave_pools, mainiacjoe_overflow_six_doors_small
D:9:      layout_basic, nicolae_gozag_zags_fifth_avenue, hiddenorc1_lemuel,
          nicolae_inconvenience_store, minivault_7, uniq_harold
D:10:     layout_layer_cave, mainiacjoe_overflow_small_starburst, uniq_urug,
          uniq_grum, uniq_snorg, uniq_lodul
Temple:   nicolae_temple_ecumenical_triangle

Skill      XL: |  1  2  3  4  5  6  7  8  9 10 11 |
---------------+----------------------------------+-----
Axes           | 2 3 4 5 7 8 9 11 | 11.1
Dodging        | 1 2 |  2.4
Throwing       | 2 |  2.0
Fighting       | 4 5 7 8 |  8.5
Armour         | 4 6 7 |  7.4
Invocations    | 4 5 7 |  7.6
Shields        | 4 5 7 |  7.0

Action                   |  1- 3 |  4- 6 |  7- 9 | 10-12 || total
-------------------------+-------+-------+-------+-------++-------
Melee: War axe           |    61 |   117 |   226 |   398 ||   802
Throw: Javelin           |       |     9 |    10 |     4 ||    23
       Boomerang         |       |     1 |     7 |     6 ||    14
Invok: Heroism           |       |       |    11 |    13 ||    24
  Use: Scroll            |     2 |     5 |    12 |     5 ||    24
       Potion            |       |     4 |     4 |     1 ||     9
Armor: Scale mail        |    26 |    52 |       |       ||    78
       Plate armour      |       |       |   202 |   269 ||   471
Dodge: Dodged            |    32 |    57 |    95 |   162 ||   346
Block: Buckler           |    12 |    25 |    79 |    96 ||   212
       Kite shield       |       |       |       |    52 ||    52

Table legend:
 A = Non-vault XP
 B = Vault XP
 C = Vault XP percentage of total XP
 D = Non-vault monster count
 E = Vault monster count
 F = Vault count percentage of total count
                 A         B        C        D         E       F
            +---------+---------+-------+---------+---------+-------
      Total |   10118 |    5006 |  33.1 |     161 |      61 |  27.5
            +---------+---------+-------+---------+---------+-------
        D:1 |      28 |       0 |   0.0 |      12 |       0 |   0.0
        D:2 |      56 |      19 |  25.3 |      13 |       4 |  23.5
        D:3 |      76 |       0 |   0.0 |      14 |       0 |   0.0
        D:4 |     536 |      11 |   2.0 |      14 |       5 |  26.3
        D:5 |     216 |       0 |   0.0 |      13 |       0 |   0.0
        D:6 |    1080 |     104 |   8.8 |      24 |       2 |   7.7
        D:7 |    2167 |       0 |   0.0 |      22 |       0 |   0.0
        D:8 |    2744 |       0 |   0.0 |      31 |       0 |   0.0
        D:9 |    1646 |    2454 |  59.9 |      12 |      36 |  75.0
       D:10 |    1569 |    2418 |  60.6 |       6 |      14 |  70.0
            +---------+---------+-------+---------+---------+-------
